 Dungeon Crawl Stone Soup version 0.22.1-2-g9c5b331 (webtiles) character file.

561 lysyklops the Shield-Bearer (level 7, -2/62 HPs)
             Began as a Minotaur Fighter on Dec 17, 2018.
             Slain by an orc
             ... wielding a +0 trident
              (9 damage)
             ... on level 4 of the Dungeon.
             The game lasted 00:04:54 (2985 turns).

lysyklops the Shield-Bearer (Minotaur Fighter)      Turns: 2985, Time: 00:04:55

Health: -2/62      AC: 10    Str: 20    XL:     7   Next: 9%
Magic:  6/6        EV:  7    Int:  7    God:
Gold:   173        SH: 10    Dex: 10    Spells: 6/6 levels left

rFire    . . .     SeeInvis .   a - +0 long sword
rCold    . . .     Gourm    .   c - +0 shield
rNeg     . . .     Faith    .   b - +0 scale mail
rPois    .         Spirit   .   n - +0 hat
rElec    .         Reflect  .   (no cloak)
rCorr    .         Harm     .   l - +0 pair of gloves
MR       .....                  p - +0 pair of boots
Stlth    ..........             (no amulet)
HPRegen  0.20/turn              (no ring)
MPRegen  0.10/turn              (no ring)

@: no status effects
A: retaliatory headbutt, horns 2
a: no special abilities


You were on level 4 of the Dungeon.
You were hungry.

You visited 1 branch of the dungeon, and saw 4 of its levels.

You collected 173 gold pieces.

Inventory:

Hand Weapons
 a - a +0 long sword (weapon)
Armour
 b - a +0 scale mail (worn)
 c - a +0 shield (worn)
 l - a +0 pair of gloves (worn)
 n - a +0 hat (worn)
 p - a +0 pair of boots (worn)
Jewellery
 e - an uncursed ring of stealth {unknown}
 m - a cursed amulet of inaccuracy {unknown}
 q - a +4 ring of protection {unknown}
Wands
 r - a wand of flame (17)
Scrolls
 h - a scroll of remove curse {unknown}
 j - 4 scrolls of identify {unknown}
 s - 3 scrolls of teleportation {unknown}
 t - 4 scrolls of amnesia {unknown}
 u - a scroll of noise {unknown}
 v - a scroll of magic mapping {unknown}
Potions
 d - a potion of might
 g - a potion of magic {unknown}
 i - a potion of heal wounds {unknown}
 k - 2 potions of curing {unknown}
 o - a potion of degeneration {unknown}
Comestibles
 f - 5 rations


   Skills:
 + Level 5.8 Fighting
 + Level 5.0 Long Blades
 + Level 5.8 Armour
 + Level 5.8 Shields


You had 6 spell levels left.
You didn't know any spells.
Your spell library contained the following spells:

 Spells                   Type           Power        Failure   Level  Hunger
 Animate Skeleton         Necr           N/A          99%         1    ##.....
 Apportation              Tloc           #.....       99%         1    ##.....
 Confusing Touch          Hex            #.....       99%         1    ##.....
 Summon Small Mammal      Summ           #...         99%         1    ##.....
 Confuse                  Hex            #.......     100%        3    ####...
 Gell's Gravitas          Tloc           #.........   100%        3    ####...
 Petrify                  Tmut/Erth      #.......     100%        4    #####..
 Metabolic Englaciation   Hex/Ice        #.........   100%        5    ######.
 Yara's Violent Unravell  Hex/Tmut       #.........   100%        5    ######.


Dungeon Overview and Level Annotations

Branches:
Dungeon (4/15)
 Temple: D:4-7

Altars:
Cheibriados
Elyvilon
Hepliaklqana
Trog
Yredelemnul


Innate Abilities, Weirdness & Mutations

You reflexively headbutt those who attack you in melee.
You have a pair of horns on your head.


Message History

* * * LOW HITPOINT WARNING * * *
You hit the ogre.
The ogre is almost dead.
The ogre barely misses you. The orc hits you but does no damage.
You hit the ogre.
You kill the ogre!
Your Long Blades skill increases to level 5!
You have reached level 7!
The orc hits you from afar with a trident.
* * * LOW HITPOINT WARNING * * *
You hit something. You block the orc's attack.
Something hits you but does no damage.
Your shield and scale mail prevent you from hitting something.
You headbutt something. The orc barely misses you.
You hear some strange, mumbled words.
A puff of flame appears from out of thin air!
The puff of flame hits you!
* * * LOW HITPOINT WARNING * * *
The orc hits you from afar with a trident!
You die...

....... #.....# .......
##.....## .......
.........#### .......
###.......... #...##
#####..#### ## #..###
#..).# #.####)..#
#..#.## #.<.####o####
####.##..# #.#..# #.{@.#
#>...###.# #.##.# ####.#
##.#### #.# #. #)#
#.#####..# #.. #. #.#
#.......## #.. #. #)#
####....#### #.. #.
#.###....##.## #.. #.
#..##...###.>### ##.
##.##...####...########.
#.##(...# ###.##.......


You could see an orc.

Vanquished Creatures
  Duvessa (D:4)
  2 ogres (D:4)
  Dowan (D:4)
  A scorpion (D:2)
  A hound (D:4)
  An orc wizard (D:4)
  A howler monkey skeleton (D:4)
  4 adders
  3 worms
  2 dart slugs
  A leopard gecko (D:4)
  7 orcs
  4 giant cockroaches
  6 goblins
  6 hobgoblins
  4 jackals (D:3)
  A quokka (D:3)
  3 ball pythons
  9 bats
  3 frilled lizards
  6 kobolds
  8 rats
  A spectral orc (D:2)
76 creatures vanquished.

Notes
Turn   | Place    | Note
-------+----------+-------------------------------------------
     0 | D:1      | lysyklops the Minotaur Fighter began the quest for the Orb.
     0 | D:1      | Reached XP level 1. HP: 19/19 MP: 0/0
   216 | D:1      | Reached XP level 2. HP: 27/27 MP: 1/1
   886 | D:2      | Noticed a scorpion
   893 | D:2      | Killed a scorpion
   893 | D:2      | Reached XP level 3. HP: 21/34 MP: 2/2
   893 | D:2      | Reached XP level 4. HP: 26/41 MP: 3/3
  1010 | D:2      | Found a snail-covered altar of Cheibriados.
  1153 | D:2      | Found a basalt altar of Yredelemnul.
  1401 | D:2      | Found a white marble altar of Elyvilon.
  1405 | D:2      | Found a hazy altar of Hepliaklqana.
  1410 | D:2      | Found a bloodstained altar of Trog.
  1957 | D:3      | Reached XP level 5. HP: 47/47 MP: 4/4
  2273 | D:4      | Noticed Duvessa
  2274 | D:4      | Noticed Dowan
  2286 | D:4      | Killed Duvessa
  2286 | D:4      | Reached skill level 5 in Fighting
  2286 | D:4      | Reached skill level 5 in Armour
  2286 | D:4      | Reached skill level 5 in Shields
  2295 | D:4      | Killed Dowan
  2295 | D:4      | Reached XP level 6. HP: 26/56 MP: 5/5
  2983 | D:4      | Reached skill level 5 in Long Blades
  2983 | D:4      | Reached XP level 7. HP: 16/62 MP: 6/6
  2985 | D:4      | Slain by an orc

Skill      XL: |  1  2  3  4  5  6 |
---------------+-------------------+-----
Shields        | 4 5 |  5.8
Fighting       | 4 5 |  5.8
Armour         | 4 5 |  5.8
Long Blades    | 3 4 5 |  5.0

Action                   |  1- 3 |  4- 6 |  7- 9 || total
-------------------------+-------+-------+-------++-------
Melee: Long sword        |    49 |   154 |     2 ||   205
       Headbutt          |     7 |    34 |     1 ||    42
  Eat: Chunk             |       |     3 |       ||     3
       Ration            |       |     1 |       ||     1
Armor: Scale mail        |    24 |    62 |     1 ||    87
Dodge: Dodged            |    24 |    47 |     1 ||    72
Block: Shield            |    26 |    76 |     1 ||   103
       Rpst.: Long sword |     9 |    13 |       ||    22
